Unix NetHack Version 5.0.0-0 post-release - last build May  3 2026 23:40:34 (9823c992c0763bbd039eca2974112f46eaf799b3,branch:main).

Game began 2026-05-04 02:38:33, ended 2026-05-04 02:56:33.

BeardyHaddock, chaotic male elven Wizard

                      ----------        ------
  ---------------    #|..<....[|        |....-#####
  |..............#####..........#f#@r   |....|    #---------------
  |.(........>..|    #|........|    ####|..`.|    #|*............|
  |.............|    #|........|       #|....|    #-.............|
  ------------|--  ###-.--------       #---.--     |.............|
              #   ##   #               ######      --|------------
           ####   #    #                   #         #
           #     ##    #                   #         #
           # #####     ##                  #        #####
           # #          ##                 #          # ##
        #### #           #                 #          #  ####
      --|--- #           #                 #          #    -|---------
      |....| #           #             ----.-         ##   |.........|
      |....| #        ---|---          |....|          #   |.........|
      |....| #        |..^.^|          |....|              |.........|
      |..*.-##        |.....-##        |....|              |.........|
      |...*|          |^^.^^| #########.....|              -----------
      ------          -------          ------

BeardyHaddock the Conjurer  St:12 Dx:15 Co:15 In:20 Wi:9 Ch:8  Chaotic
Dlvl:5  $:31 HP:0(31) Pw:27(27) AC:9  Xp:4 T:2936 

Latest messages:
 The leprechaun vanishes!
 You stop.  Your kitten is in the way!
 The kobold mummy hits!
 You destroy the kobold mummy!
 There is a broken door here.
 You see here a mummy wrapping.
 The kitten picks up a mummy wrapping.
 You swap places with your kitten.
 You stop.  Your kitten is in the way!
 You swap places with your kitten.
 You swap places with your kitten.
 You attack thin air.
 You swap places with your kitten.
 The kitten drops a mummy wrapping.
 You swap places with your kitten.
 You see here a mummy wrapping.
 R - a mummy wrapping.
 What do you want to drop? [$a-eh-jm-qu-wyBCE-GIJLN-PR or ?*] R
 You drop a mummy wrapping.
 You swap places with your kitten.
 What do you want to eat? [oC or ?*] ?
 Blecch!  Rotten food!
 You feel rather light headed.
 You are beginning to feel hungry.
 You feel less confused now.
 What do you want to eat? [o or ?*] o
 Blecch!  Rotten food!
 Everything suddenly goes dark.
 You finish eating the food ration.
 You can see again.
 You hit the little dog!
 The little dog bites!
 You kill the little dog!
 You stop.  Your kitten is in the way!
 You swap places with your kitten.
 You stop.  Your kitten is in the way!
 You swap places with your kitten.
 You hit the rabid rat.
 The rabid rat bites!
 You miss the rabid rat.
 The rabid rat bites!
 The rabid rat's bite was poisoned!
 You miss the rabid rat.
 The rabid rat bites!
 You die...
 Do you want your possessions identified? [ynq] (y) n
 Do you want to see your attributes? [ynq] (y) n
 Do you want an account of creatures vanquished? [ynaq] (y) n
 Do you want to see your conduct and achievements? [ynq] (y) n
 Do you want to see the dungeon overview? [ynq] (y) n

Inventory:
 Coins    ('$')
  $ - 31 gold pieces
 Weapons  (')')
  q - 12 +0 darts
  a - a blessed +1 quarterstaff (weapon in hands)
  G - a +0 silver saber
 Armor    ('[')
  b - an uncursed +0 cloak of magic resistance (being worn)
  w - an uncursed rotted +0 studded leather armor
 Comestibles  ('%')
  o - 2 uncursed food rations
 Scrolls  ('?')
  u - an uncursed scroll of charging
  N - a blessed scroll of enchant weapon
  j - a blessed scroll of food detection
  i - an uncursed scroll of identify
  E - a cursed scroll of identify
  J - a blessed scroll of remove curse
  L - an uncursed scroll of scare monster
 Potions  ('!')
  I - a blessed potion of healing
  y - an uncursed potion of healing
  h - an uncursed potion of invisibility
 Rings    ('=')
  F - an uncursed ring of searching
  d - an uncursed ring of sustain ability
  e - an uncursed ring of teleport control
 Wands    ('/')
  c - a wand of stasis (0:5)
 Tools    ('(')
  n - an uncursed wooden harp
  p - an expensive camera (0:65)
  v - a magic marker (0:93)
  m - a magic marker (0:20)
 Gems/Stones  ('*')
  P - an uncursed citrine stone
  O - an uncursed worthless piece of violet glass
  B - 2 uncursed worthless pieces of white glass

BeardyHaddock the Wizard's attributes:

Background:
 You were a Conjurer, a level 4 male elven Wizard.
 You were chaotic, nominally on a mission for Anhur
 who was opposed by Ptah (lawful) and Thoth (neutral).
 You were right-handed.
 You were in the Dungeons of Doom, on level 5.
 You entered the dungeon 2936 turns ago.
 It was nighttime.
 There was a full moon in effect when your adventure ended.
 You had 119 experience points, 41 more were needed to attain level 5.

Basics:
 You had 0 out of 31 hit points.
 You had all 27 energy points (spell power).
 Your armor class was 9.
 Your wallet contained 31 zorkmids.
 Autopickup was off.

Final Characteristics:
 Your strength was 12 (limit:18).
 Your dexterity was 15 (limit:18).
 Your constitution was 15 (limit:16).
 Your intelligence was 20 (limit:20).
 Your wisdom was 9 (limit:20).
 Your charisma was 8 (limit:18).

Final Status:
 You weren't hungry.
 You were unencumbered.
 You were wielding a quarterstaff.
 You had basic skill with quarterstaff.

Final Attributes:
 You were piously aligned.
 You were magic-protected.
 You were sleep resistant.
 You had infravision.
 You were warded.
 You were lucky.
 You are dead.

Miscellaneous:
 You didn't encounter any bones levels.
 Total elapsed playing time was 17 minutes and 25 seconds.

Major events:
 Turn
    1: BeardyHaddock the chaotic male elven Wizard entered the dungeon
 1191: attained the rank of Conjurer (level 3)
 2936: killed by a rabid rat

Spells:
 Name                 Level Category     Fail Retention
 force bolt             1   attack         0%   81%-90%
 chain lightning        2   attack         0%   81%-90%

Skills:
 Fighting Skills
   bare handed combat [Unskilled]
   riding             [Unskilled]
 Weapon Skills
   dagger             [Unskilled]
   knife              [Unskilled]
   axe                [Unskilled]
   short sword        [Unskilled]
   club               [Unskilled]
   mace               [Unskilled]
   quarterstaff       [Basic]
   polearms           [Unskilled]
   spear              [Unskilled]
   trident            [Unskilled]
   sling              [Unskilled]
   dart               [Unskilled]
   shuriken           [Unskilled]
 Spellcasting Skills
   attack spells      [Basic]
   healing spells     [Unskilled]
   divination spells  [Unskilled]
   enchantment spells [Basic]
   clerical spells    [Unskilled]
   escape spells      [Unskilled]
   matter spells      [Unskilled]

Voluntary challenges:
 Character rerolling was not enabled.
 You were an atheist.
 You never genocided any monsters.
 You never polymorphed an object.
 You never changed form.
 You used no wishes.
Achievements:
 You attained the rank of Conjurer.
 You entered a shop.

 The Dungeons of Doom: levels 1 to 5
    Level 1:
       Some fountains.
    Level 2:
    Level 3:
       A fountain, a grave.
    Level 4:
       A general store, a fountain.
    Level 5: <- You were here.
       Final resting place for
          you, killed by a rabid rat.


Vanquished creatures:
  a fog cloud
  a kobold mummy
  a little dog
  a kobold shaman
  a rothe
  2 giant bats
 an iguana
  a green mold
  a gecko
  9 jackals
  2 foxes
  2 kobolds
  2 goblins
  8 grid bugs
  a lichen
  a kobold zombie
  2 newts
37 creatures vanquished.

No species were genocided or became extinct.

Game over:
                       ----------
                      /          \
                     /    REST    \
                    /      IN      \
                   /     PEACE      \
                  /                  \
                  |  BeardyHaddock   |
                  |      31 Au       |
                  |   killed by a    |
                  |    rabid rat     |
                  |                  |
                  |                  |
                  |       2026       |
                 *|     *  *  *      | *
        _________)/\\_//(\/(/\)/\//\/|_)_______

Goodbye BeardyHaddock the Wizard...

You died in The Dungeons of Doom on dungeon level 5 with 724 points,
and 31 pieces of gold, after 2936 moves.
You were level 4 with a maximum of 31 hit points when you died.

